 Dungeon Crawl Stone Soup version 0.23-a0-38-g6d804a8 (webtiles) character file.

49 iamserjio the Ducker (level 3, 0/26 HPs)
             Began as an Octopode Berserker on Aug 5, 2018.
             Was a Believer of Trog.
             Slain by a worm (11 damage)
             ... on level 2 of the Dungeon.
             The game lasted 00:03:04 (498 turns).

iamserjio the Ducker (Octopode Berserker)            Turns: 498, Time: 00:03:05

Health: 0/26       AC:  1    Str: 16    XL:     3   Next: 77%
Magic:  3/3        EV: 14    Int:  9    God:    Trog [**....]
Gold:   60         SH:  0    Dex: 12    Spells: 2/2 levels left

rFire    . . .     SeeInvis .   a - +0 short sword
rCold    . . .     Gourm    .   (no shield)
rNeg     . . .     Faith    .   (helmet restricted)
rPois    .         Spirit   .   (no amulet)
rElec    .         Reflect  .   (no ring)
rCorr    .         Harm     .   (no ring)
MR       ++...                  (no ring)
Stlth    +++.......             (no ring)
HPRegen  1.08/turn              (no ring)
MPRegen  0.08/turn              (no ring)
                                (no ring)
                                (no ring)

@: regenerating
A: almost no armour, stealthy swim, amphibious, 8 rings, constrict 8, camouflage
1, gelatinous body 1
a: Berserk, Trog's Hand, Renounce Religion


You were on level 2 of the Dungeon.
You worshipped Trog.
Trog was pleased with you.
You were not hungry.

You visited 1 branch of the dungeon, and saw 2 of its levels.

You collected 60 gold pieces.

Inventory:

Hand Weapons
 a - a +0 short sword (weapon)
 c - a +0 hunting sling
Missiles
 e - 8 poisoned needles
Jewellery
 d - a cursed amulet of guardian spirit {unknown}
 f - an uncursed ring of see invisible {unknown}
Scrolls
 g - 2 scrolls of identify {unknown}
 h - a scroll of immolation {unknown}
 i - a scroll of teleportation {unknown}
Potions
 j - a potion of magic {unknown}
 k - a potion of degeneration {unknown}
Comestibles
 b - 3 rations


   Skills:
 + Level 3.3 Fighting
 - Level 3.0 Short Blades
 * Level 3.7 Dodging
 * Level 2.9 Stealth


You had 2 spell levels left.
You didn't know any spells.
Your spell library was empty.

Dungeon Overview and Level Annotations

Branches:
Dungeon (2/15)

Altars:


Innate Abilities, Weirdness & Mutations

You cannot wear most types of armour.
You are very stealthy in the water. (Stealth+)
You are amphibious.
You can wear up to eight rings at the same time.
You can use your tentacles to constrict eight enemies at once.
Your skin changes colour to match your surroundings (Stealth+).
Your rubbery body absorbs attacks. (AC +1, EV +1)


Message History

The kobold hits you with a dagger.
* * * LOW HITPOINT WARNING * * *
You hit the kobold.
You kill the kobold!
Trog accepts your kill.
You hear a splash.
Your skin crawls.
You feel resistant to hostile enchantments.
You feel somewhat more hungry.
Things that are here:
a dagger; a kobold corpse The worm bites you!
You hit the worm. You grab the worm. You squeeze the worm.
The worm is heavily wounded.
You constrict the worm. You hit the worm.
The worm is heavily wounded.
You feel the effects of Trog's Hand fading.
You constrict the worm. The worm bites you!
You die...

##. # #... .##### .
####...♣♣♣....##.#
.......♣.........
##.............. ##.
♣..........♣
##..♣♣......w...♣♣..
#...........@.......
#.......≈≈≈≈≈≈.......
#......≈≈####≈≈......
#......≈## #≈.....♣ ###
#♣.....≈# #≈....♣♣ #..
♣♣....≈# #≈.....♣# #.# .
♣.....)## ##≈......# #.# #.
#......≈≈####≈≈......###.##..
........)≈≈≈≈≈†.............#


You could see a worm.

Vanquished Creatures
  An adder (D:2)
  An ooze (D:1)
  2 dart slugs (D:1)
  4 leopard geckos (D:1)
  A giant cockroach (D:1)
  3 goblins
  6 hobgoblins
  A bat (D:1)
  A frilled lizard (D:1)
  3 kobolds
  3 rats (D:1)
26 creatures vanquished.

Notes
Turn   | Place    | Note
-------+----------+-------------------------------------------
     0 | D:1      | iamserjio the Octopode Berserker began the quest for the Orb.
     0 | D:1      | Reached XP level 1. HP: 16/16 MP: 1/1
    61 | D:1      | Reached skill level 1 in Stealth
    83 | D:1      | Reached XP level 2. HP: 21/21 MP: 2/2
   245 | D:1      | Reached XP level 3. HP: 24/26 MP: 3/3
   468 | D:2      | Reached ** piety under Trog
   498 | D:2      | Slain by a worm

Vault maps used:
D:1:      ncdulo_lavacross
D:2:      kennysheep_decorative_pillar, grunt_dithmenos_smoke_and_mirrors

Skill      XL: |  1  2 |
---------------+-------+-----
Stealth        | 1 2 |  2.9
Fighting       | |  3.3
Short Blades   | |  3.0
Dodging        | |  3.7

Action                   || total
-------------------------++-------
Melee: Short sword       ||    62
       Constrict         ||    15
       Tentacles         ||     9
Invok: Trog's Hand       ||     1
 Stab: Sleeping          ||     6
Armor: Skin              ||     3
Dodge: Dodged            ||    33

Table legend:
 A = Spawn XP
 B = Non-spawn XP
 C = Spawn XP percentage of total XP
 D = Spawn monster count
 E = Non-spawn monster count
 F = Spawn count percentage of total count
 G = Total turns spent on level
                    A         B        C        D         E        F      G
               +---------+---------+-------+---------+---------+-------+---------
         Total |       0 |      71 |   0.0 |       0 |      26 |   0.0 |   498
               +---------+---------+-------+---------+---------+-------+---------
           D:1 |       0 |      49 |   0.0 |       0 |      21 |   0.0 |   407
           D:2 |       0 |      22 |   0.0 |       0 |       5 |   0.0 |    91
               +---------+---------+-------+---------+---------+-------+---------
